 Dungeon Crawl Stone Soup version 0.19.5 (webtiles) character file.

96 greprep the Digger (level 4, -4/37 HPs)
             Began as a Deep Dwarf Earth Elementalist on May 2, 2017.
             Was an Initiate of Qazlal.
             Slain by an ice beast (12 damage)
             ... on level 4 of the Dungeon.
             The game lasted 00:17:00 (2852 turns).

greprep the Digger (Deep Dwarf Earth Elementalist)  Turns: 2852, Time: 00:17:00

Health: -4/37      AC:  2    Str: 12    XL:     4   Next: 41%
Magic:  0/7        EV: 13    Int: 16    God:    Qazlal [......]
Gold:   127        SH:  0    Dex: 13    Spells: 2 memorised, 4 levels left

rFire  . . .     SeeInvis .     i - +0 mace (holy)
rCold  . . .     Gourm    .     c - +0 robe
rNeg   . . .     Faith    .     (no shield)
rPois  .         Spirit   .     o - +0 helmet
rElec  .         Reflect  .     k - +1 cloak
rCorr  .         Harm     .     (no gloves)
MR     .....                    (no boots)
Stlth  ++........               m - amulet of inaccuracy (curse)
                                (no ring)
                                t - -3 ring of protection (curse)

@: non-regenerating
A: damage resistance, recharge devices, sense surroundings 1, slow regeneration
3
a: Device Recharging, Renounce Religion


You were on level 4 of the Dungeon.
You worshipped Qazlal.
Qazlal was noncommittal.
You were not hungry.

You visited 1 branch of the dungeon, and saw 4 of its levels.

You collected 127 gold pieces.

Inventory:

Hand Weapons
 i - a +0 mace of holy wrath (weapon)
 x - a +1 short sword of venom
Missiles
 b - 141 stones (quivered)
 u - 11 tomahawks
Armour
 c - a +0 robe (worn)
 k - a +1 cloak (worn)
 o - a +0 helmet (worn)
 v - a +2 ring mail of fire resistance
Jewellery
 m - a cursed amulet of inaccuracy (around neck)
 t - a cursed -3 ring of protection (left hand)
Wands
 d - a wand of heal wounds (1/9)
Scrolls
 a - 4 scrolls of identify {unknown}
 f - 2 scrolls of fear
 j - 3 scrolls of teleportation
 y - a scroll of blinking {unknown}
 A - a scroll of enchant weapon {unknown}
Potions
 g - a potion of cure mutation {unknown}
 h - a potion of magic {unknown}
 l - a potion of might {unknown}
 n - a potion of curing {unknown}
 p - a potion of lignification {unknown}
 q - a potion of brilliance {unknown}
 r - a potion of degeneration {unknown}
 s - a potion of haste {unknown}
 w - a potion of agility {unknown}
 z - a potion of heal wounds {unknown}
Books
 e - a book of Geomancy

   Spells                             Type                      Level
   a - Sandblast                      Earth                        1
   b - Passwall                       Transmutation/Earth          2
   c - Stone Arrow                    Conjuration/Earth            3
   d - Petrify                        Transmutation/Earth          4
   e - Lee's Rapid Deconstruction     Earth                        5
Comestibles
 B - 2 chunks of flesh


   Skills:
 + Level 0.3 Fighting
 - Level 0.1 Short Blades
 * Level 0.8 Maces & Flails
 + Level 0.8 Throwing
 + Level 2.5 Dodging
 - Level 3.2 Stealth
 + Level 2.4 Spellcasting
 + Level 1.0 Transmutations
 + Level 4.9 Earth Magic


You had 4 spell levels left.
You knew the following spells:

 Your Spells              Type           Power        Failure   Level  Hunger
a - Sandblast             Erth           ###...       2%          1    #......
b - Passwall              Tmut/Erth      ##........   10%         2    ###....


Dungeon Overview and Level Annotations

Branches:
Dungeon (4/15)
 Temple: D:4-7

Altars:
Qazlal


Innate Abilities, Weirdness & Mutations

You are resistant to damage.
You can recharge devices by infusing magical energy.
You passively map a small area around you.
You do not regenerate.


Message History

The ice beast is heavily wounded.
The ice beast hits you. The ice beast freezes you.
* * * LOW HITPOINT WARNING * * *
Casting: Sandblast
Confirm with . or Enter, or press ? or * to list all spells.
Aiming: Sandblast
Press: ? - help, Shift-Dir - straight line, f/p - ice beast
Aim: an ice beast (heavily wounded)
The blast of sand hits the ice beast.
The ice beast is heavily wounded.
The ice beast hits you.
* * * LOW HITPOINT WARNING * * *
The ice beast freezes you.
* * * LOW HITPOINT WARNING * * *
There is a stone staircase leading down here.
You can't go up here!
You hit the ice beast.
The ice beast is heavily wounded.
The ice beast hits you. The ice beast freezes you!
You die...

,*
#......)<#######
*
########.#......
##### #........,
))(.# * ,
#........, ,
###......# ###
#........
#####oS , ..
#........,
*#.*#........ ,
* * #.##........
, , ,
#.@Y#......., ,,
* ###.##...... *
#.# ..#### , ,
#.. ### #..# ,
##.# .# .. ,


You could see an ice beast.

Vanquished Creatures
  3 adders
  An ooze (D:2)
  A dart slug (D:1)
  7 orcs
  3 ball pythons
  6 giant cockroaches
  3 goblins
  5 hobgoblins
  3 jackals (D:3)
  5 kobolds
  A quokka (D:2)
  4 bats
  5 frilled lizards
  A giant cockroach zombie (D:3)
  5 rats
53 creatures vanquished.

Notes
Turn   | Place    | Note
-------+----------+-------------------------------------------
     0 | D:1      | greprep the Deep Dwarf Earth Elementalist began the quest for the Orb.
     0 | D:1      | Reached XP level 1. HP: 15/15 MP: 3/3
   478 | D:1      | Reached XP level 2. HP: 10/22 MP: 1/4
   482 | D:1      | Learned a level 2 spell: Passwall
   846 | D:1      | Reached skill level 1 in Transmutations
  1231 | D:2      | Reached XP level 3. HP: 26/30 MP: 6/6
  1759 | D:3      | Found a faded altar of an unknown god.
  2070 | D:3      | Reached XP level 4. HP: 12/37 MP: 7/7
  2087 | D:3      | Found a stormy altar of Qazlal.
  2092 | D:3      | Became a worshipper of Qazlal Stormbringer
  2843 | D:4      | Noticed an ice beast
  2852 | D:4      | Slain by an ice beast

Skill      XL: |  1  2  3 |
---------------+----------+-----
Transmutations | 1 |  1.0
Spellcasting   | 2 |  2.4
Stealth        | 3 |  3.2
Fighting       | |  0.3
Short Blades   | |  0.1
Maces & Flails | |  0.8
Throwing       | |  0.8
Dodging        | |  2.5
Earth Magic    | |  4.9

Action                   |  1- 3 |  4- 6 || total
-------------------------+-------+-------++-------
Melee: Unarmed           |    17 |       ||    17
       Mace              |    71 |    43 ||   114
       Short sword       |    12 |       ||    12
Throw: Tomahawk          |    33 |       ||    33
       Stone             |     5 |       ||     5
 Cast: Sandblast         |    56 |    31 ||    87
       Passwall          |     1 |       ||     1
Evoke: Wand              |     1 |     3 ||     4
  Use: Scroll            |     2 |       ||     2
 Stab: Sleeping          |     1 |       ||     1
  Eat: Beef jerky        |     1 |       ||     1
       Bread ration      |     1 |     1 ||     2
Armor: Robe              |    48 |     5 ||    53
Dodge: Dodged            |   118 |    49 ||   167
